 Dungeon Crawl Stone Soup version 0.32-a0-20-ge526923d97 (webtiles) character file.

Game seed: 11216026478052133373

35 jasper the Grasshopper (level 3, -1/43 HPs)
             Began as an Armataur Warper on Jan 17, 2024.
             Succumbed to a kobold's poison
             ... on level 1 of the Dungeon.
             The game lasted 00:01:59 (692 turns).

jasper the Grasshopper (Armataur Warper)             Turns: 692, Time: 00:02:00

Health: -1/43      AC: 21    Str: 16    XL:     3   Next: 16%
Magic:  3/5        EV:  1    Int: 15    God:
Gold:   41         SH:  0    Dex:  9    Spells: 1/5 levels left

rFire   . . .        a - +0 falchion
rCold   . . .        (no shield)
rNeg    . . .        b - melded +0 leather armour
rPois   +            (helmet currently unavailable)
rElec   .            (cloak currently unavailable)
rCorr   .            (gloves currently unavailable)
SInv    .            (no barding)
Will    .....        (no amulet)
Stlth   +            (no ring)
HPRegen 0.27/turn    (no ring)
MPRegen 0.09/turn

%: roll
@: mighty, lethally poisoned (-1 -> -14), tree-form, on blink cooldown
A: stationary, stasis, torment immunity, boosted hp, large, (deformed body),
(tough skin 3), (armoured tail), roll 1
a: no special abilities


You were on level 1 of the Dungeon.
You were a tree.
You visited 1 branch of the dungeon, and saw 1 of its levels.

You collected 41 gold pieces.

Inventory:

Hand Weapons
 a - a +0 falchion (weapon)
Missiles
 d - 7 darts of dispersal
 f - 2 boomerangs (quivered)
 g - 4 stones
Armour
 b - a +0 leather armour (melded)
 j - a +0 hat
Scrolls
 c - 2 scrolls of blinking
 h - a scroll of enchant weapon {unknown}
 i - 3 scrolls of fog {unknown}
 l - a scroll of teleportation {unknown}


   Skills:
 + Level 1.8 Fighting
 * Level 1.9 Long Blades
 - Level 0.8 Throwing
 - Level 1.2 Armour
 - Level 1.3 Dodging
 - Level 1.7 Spellcasting
 - Level 4.2 Translocations


You had one spell level left.
You knew the following spells:

 Your Spells              Type           Power      Damage    Failure   Level
a - Blink                 Tloc           28%        N/A       6%          2
b - Lesser Beckoning      Tloc           28%        N/A       6%          2

Your spell library contained the following spells:

 Spells                   Type           Power      Damage    Failure   Level
 Necrotise                Necr           4%         1d4       22%         1
 Slow                     Hex            4%         N/A       22%         1
 Teleport Other           Tloc           14%        N/A       12%         3
 Manifold Assault         Tloc           14%        N/A       36%         4
 Confusing Touch          Hex            1%         N/A       56%         3
 Sigil of Binding         Hex            1%         N/A       56%         3
 Vampiric Draining        Necr           1%         2d6       56%         3
 Vhi's Electric Charge    Tloc/Air       14%        N/A       67%         4
 Martyr's Knell           Necr/Summ      1%         N/A       92%         4
 Curse of Agony           Necr           1%         N/A       99%         5


Dungeon Overview and Level Annotations

Branches:
Dungeon (1/15)

Altars:


Innate Abilities, Weirdness & Mutations

You are a tree.
Your roots penetrate the ground, keeping you stationary.
You cannot be teleported.
You are immune to unholy pain and torment.
Your maximum health is greatly increased.
Your equipment is partially melded.
((Armour fits poorly on your strangely shaped body.))
((You have extremely tough skin. (AC +3)))
((You have a long armoured tail.))
You regenerate magic when rolling toward enemies. (Rampage MPRegen)


Message History

* * * LOW HITPOINT WARNING * * *
You take 1 damage, and have 8/29 hp.
You hit the ball python.
You kill the ball python!
You see here a ball python corpse.
You miss the kobold.
Your tail-slap misses the kobold.
The kobold closely misses you.
You hit the kobold.
The kobold is moderately wounded.
The kobold closely misses you. The kobold barely misses you.
You hit the kobold but do no damage.
The kobold is moderately wounded.
The kobold hits you with a +2 short sword of venom.
* * * LOW HITPOINT WARNING * * *
You are lethally poisoned!
You take 3 damage, and have 6/29 hp.
Casting: Blink (safe; 8% risk of failure)
Confirm with . or Enter, or press ? or * to list all spells.
You blink.
Splash!
You fall into the shallow water.
* * * LOW HITPOINT WARNING * * *
You feel very sick. The quokka bites you.
* * * LOW HITPOINT WARNING * * *
The kobold hits you but does no damage. The kobold completely misses you.
You take 4 damage, and have 2/29 hp.
You now have 3/5 mp.
It was a potion of lignification.
You turn into a tree.
Your +0 leather armour melds into your body.
Your roots penetrate the ground.
* * * LOW HITPOINT WARNING * * *
You feel sick.
The quokka bites you but does no damage.
The kobold hits you but does no damage. x2
You are more poisoned.
The quokka bites you but does no damage.
You now have 3/43 hp.
It was a potion of might.
You feel very mighty all of a sudden.
You die...

#.#..≈≈~≈≈≈≈~.#....#..##....
#)#.≈.~~.≈~≈~.##.....##..).#
##.~~~.~<~.≈~~#...........#.
##.~≈~..~≈.~≈###........#.#
#.~≈≈~~~≈≈..# #.......#.#.
##.~~≈~≈≈≈~~## #......#.#.#
#...~.~≈≈~.~####.....#.#.#.
##.#.~~≈≈≈~K~.##....#.#.#.#
#.##.~≈≈~~♣r..##...#.#.#.#.
##...~~.~..K#..##...#.#.#.#
#...~..#...#§.###....#.#.#.
##.#...##)#.#†## ##....#.#.#
#.##.###.#.##.### ##....#.#.
#.####..##.##...# ##....#.#
#.#....######..## ##....#.
####...# #### ##....#
##.###.## ##....


You could see a quokka and 2 kobolds.

Vanquished Creatures
  A dart slug (D:1)
  6 bats (D:1)
  A giant cockroach (D:1)
  6 goblins (D:1)
  2 hobgoblins (D:1)
  2 kobolds (D:1)
  A quokka (D:1)
  4 ball pythons (D:1)
  2 frilled lizards (D:1)
  3 rats (D:1)
28 creatures vanquished.

Notes
Turn   | Place    | Note
-------+----------+-------------------------------------------
     0 | D:1      | jasper the Armataur Warper began the quest for the Orb.
     0 | D:1      | Reached XP level 1. HP: 17/17 MP: 3/3
   196 | D:1      | Reached XP level 2. HP: 24/24 MP: 4/4
   202 | D:1      | Learned a level 2 spell: Blink
   205 | D:1      | Learned a level 2 spell: Lesser Beckoning
   338 | D:1      | Reached skill level 4 in Translocations
   346 | D:1      | Found a faded altar of an unknown god.
   455 | D:1      | Reached XP level 3. HP: 29/29 MP: 5/5
   692 | D:1      | Succumbed to a kobold's poison

Illustrated notes

Levels and vault maps discovered:
D:1:      dpeg_arrival_subterranean_lakeside_camping, layout_loops_ring,
          hellmonk_ecumenical_altar_heavens_door, nicolae_the_louvre

Skill      XL: |  1  2 |
---------------+-------+-----
Translocations | 4 |  4.2
Fighting       | |  1.8
Long Blades    | |  1.9
Throwing       | |  0.8
Armour         | |  1.2
Dodging        | |  1.3
Spellcasting   | |  1.7

Action                     || total
---------------------------++-------
  Melee: Falchion          ||    80
         Tailslap          ||     9
  Throw: Boomerang         ||     9
   Cast: Blink             ||     2
    Use: Potion            ||     2
 Armour: Leather armour    ||    69
         Skin              ||     4
  Dodge: Dodged            ||    47

Table legend: (Time is in decaauts)
 A = Elapsed time spent in this place.
 B = Non-inter-level travel time spent in this place.
 C = Inter-level travel time spent in this place.
 D = Time resting spent in this place.
 E = Time spent auto-exploring this place.
 F = Levels seen in this place.
 G = Mean time per level.
                   A        B        C        D        E       F      G
               +--------+--------+--------+--------+--------+-----+--------+
         Total |    712 |    712 |      0 |     20 |    403 |   1 |  712.0 |
       Dungeon |    712 |    712 |      0 |     20 |    403 |   1 |  712.0 |
               +--------+--------+--------+--------+--------+-----+--------+

Top non-repeatable levels by time:
     D:1: 712 daAuts
